 Dungeon Crawl Stone Soup version 0.32-a0-540-g866d131 (webtiles) character file.

Game seed: 8873907426692645950

590242 Daphne the Acrobat (level 24, -7/160 HPs)
             Began as a Deep Elf Hunter on Feb 18, 2024.
             Was an Elder of the Shining One.
             Killed from afar by a titan (10 damage)
             ... with a bolt of lightning
             ... created by the fury of Okawaru
             ... on level 2 of the Abyss on Feb 28, 2024.
             The game lasted 10:30:54 (52095 turns).

Daphne the Acrobat (Deep Elf Hunter)               Turns: 52095, Time: 10:30:54

Health: -7/160     AC: 22    Str: 11    XL:     24   Next: 40%
Magic:  39/39      EV: 35    Int:  9    God:    the Shining One [****..]
Gold:   4797       SH: 42    Dex: 32    Spells: 39/43 levels left

rFire   + . .        D - +7 hand cannon "Ultimatum" {speed, rC+ Will+}
rCold   + . .        J - +2 tower shield
rNeg    + + +        x - +5 ring mail of the Cartwright {rPois rN++ Int-5 Stlth+}
rPois   +            j - +2 hood of the Assassin {Detect Stab+ Stlth++}
rElec   +            X - scarf of the Muttering Gods {repulsion, rElec Will+ Str+4}
rCorr   .            b - +2 pair of gloves "Vaomyl" {rElec Regen+ Int-3 Dex-4}
SInv    .            i - +2 pair of boots {Fly}
Will    +++++        l - amulet of Xixkitij {Reflect *Slow rPois Int-4 Dex+6 SH+5}
Stlth   ++           g - ring of Izucoc {Fly rF+ Will+ Int+3}
HPRegen 1.26/turn    f - +4 ring of slaying
MPRegen 0.26/turn

%: slow self (1%), repel missiles, reflection, clarity
@: divinely shielded, flying, slowed, glowing, studying 3 skills, very slow
A: antennae 1, talons 1, agile 1, clarity, strong-willed 1, devolution 1
}: 3/15 runes: decaying, silver, gossamer
a: Renounce Religion, Divine Shield, Cleansing Flame


You were on level 2 of the Abyss.
You worshipped the Shining One.
The Shining One was greatly pleased with you.
You visited 10 branches of the dungeon, and saw 44 of its levels.
You visited the Abyss 2 times.
You also visited: Trove and Wizlab.

You collected 7237 gold pieces.
You spent 2440 gold pieces at shops.

Inventory:

Hand Weapons
 D - the +7 hand cannon "Ultimatum" (weapon) {speed, rC+ Will+}
   (Okawaru gifted it to you on level 2 of the Lair of Beasts)

   rC+:       It protects you from cold.
   Will+:     It increases your willpower.
Armour
 b - the +2 pair of gloves "Vaomyl" (worn) {rElec Regen+ Int-3 Dex-4}
   (You found it in a treasure trove)

   Int-3:     It affects your intelligence (-3).
   Dex-4:     It affects your dexterity (-4).
   rElec:     It insulates you from electricity.
   Regen+:    It increases your rate of health regeneration.
 i - a +2 pair of boots of flying (worn)
 j - the +2 hood of the Assassin (worn) {Detect Stab+ Stlth++}
   (You bought it in a shop on level 2 of the Orcish Mines)

   Detect:    It allows the wearer to sense nearby creatures.
   Stab+:     It allows the wearer to make particularly effective stabbing
   attacks against helpless or unaware enemies with any weapon.
   Stlth++:   It makes you much more stealthy.
 t - a +3 buckler of protection
 x - the +5 ring mail of the Cartwright (worn) {rPois rN++ Int-5 Stlth+}
   (You found it on level 4 of the Swamp)

   Int-5:     It affects your intelligence (-5).
   rPois:     It protects you from poison rN++: It greatly protects you from
   negative energy.
   Stlth+:    It makes you more stealthy.
 J - a +2 tower shield (worn)
 X - the scarf of the Muttering Gods (worn) {repulsion, rElec Will+ Str+4}
   (You bought it in a shop on level 8 of the Dungeon)

   Str+4:     It affects your strength (+4).
   rElec:     It insulates you from electricity.
   Will+:     It increases your willpower.
Jewellery
 f - a +4 ring of slaying (right hand)
 g - the ring of Izucoc (left hand) {Fly rF+ Will+ Int+3}
   (You found it in a treasure trove)

   [ring of flight]

   Int+3:     It affects your intelligence (+3).
   rF+:       It protects you from fire.
   Will+:     It increases your willpower.
   Fly:       It grants you flight.
 l - the amulet of Xixkitij (around neck) {Reflect *Slow rPois Int-4 Dex+6 SH+5}
   (You found it on level 10 of the Dungeon)

   [amulet of reflection]

   Reflect:   It reflects blocked missile attacks.
   Int-4:     It affects your intelligence (-4).
   Dex+6:     It affects your dexterity (+6).
   rPois:     It protects you from poison *Slow: It may slow you when you take
   damage.
   SH+5:      It affects your SH (+5).
 S - a ring of see invisible
 U - the ring "Fisaohao" {Str+6 Int+3 Dex+3}
   (You found it on level 5 of the Vaults)

   [ring of strength]

   Str+6:     It affects your strength (+6).
   Int+3:     It affects your intelligence (+3).
   Dex+3:     It affects your dexterity (+3).
Wands
 d - a wand of roots (25)
 C - a wand of acid (30)
Scrolls
 n - 3 scrolls of torment
 o - 11 scrolls of teleportation
 s - 10 scrolls of fog
 w - 7 scrolls of immolation
 y - 3 scrolls of fear
 z - 2 scrolls of vulnerability
 E - 6 scrolls of amnesia
 G - 5 scrolls of blinking
 L - 11 scrolls of enchant weapon
 R - 3 scrolls of brand weapon
Potions
 e - 6 potions of enlightenment
 p - 4 potions of cancellation
 q - 7 potions of curing
 r - 7 potions of attraction
 u - 5 potions of brilliance
 A - 5 potions of haste
 H - 7 potions of heal wounds
 I - 6 potions of lignification
 K - 7 potions of might
 M - 4 potions of invisibility
 N - 2 potions of mutation
 V - 3 potions of magic
 Z - 5 potions of resistance


   Skills:
 + Level 18.8 Fighting
 - Level 19.6 Ranged Weapons
 + Level 14.7 Armour
 + Level 25.6 Dodging
 - Level 1.2 Stealth
 * Level 16.8 Shields
 - Level 10.2 Spellcasting
 + Level 16.2 Hexes
 + Level 7.8 Translocations
 * Level 11.6 Invocations


You had 39 spell levels left.
You knew the following spells:

 Your Spells              Type           Power      Damage    Failure   Level
a - Dimensional Bullseye  Hex/Tloc       13%        N/A       8%          4

Your spell library contained the following spells:

 Spells                   Type           Power      Damage    Failure   Level
 Jinxbite                 Hex            66%        N/A       1%          2
 Sigil of Binding         Hex            33%        N/A       1%          3
 Tukima's Dance           Hex            33%        N/A       1%          3
 Cause Fear               Hex            16%        N/A       1%          4
 Dazzling Flash           Conj/Hex       38%        N/A       11%         3
 Inner Flame              Hex/Fire       19%        N/A       11%         3
 Gell's Gravitas          Tloc           18%        N/A       13%         3
 Teleport Other           Tloc           18%        N/A       13%         3
 Manifold Assault         Tloc           18%        N/A       38%         4
 Passage of Golubria      Tloc           18%        N/A       38%         4
 Volatile Blastmotes      Fire/Tloc      22%        2d11      54%         3
 Foxfire                  Conj/Fire      16%        2x1d4     71%         1
 Freeze                   Ice            16%        1d4       71%         1
 Necrotise                Necr           16%        1d4       71%         1
 Metabolic Englaciation   Hex/Ice        9%         N/A       71%         5
 Silence                  Hex/Air        9%         N/A       71%         5
 Yara's Violent Unravell  Hex/Alch       9%         3d6       71%         5
 Cigotuvi's Dreadful Rot  Necr/Alch/Air  8%         N/A       85%         2
 Scorch                   Fire           8%         2d5       85%         2
 Static Discharge         Conj/Air       8%         3-4/arc   85%         2
 Sublimation of Blood     Necr           4%         N/A       85%         2
 Iskenderun's Mystic Bla  Conj/Tloc      11%        2d4       91%         4
 Vhi's Electric Charge    Tloc/Air       22%        N/A       91%         4
 Call Canine Familiar     Summ           4%         N/A       97%         3
 Frozen Ramparts          Ice            8%         1d2       97%         3
 Fugue of the Fallen      Necr           4%         N/A       97%         3
 Hailstorm                Conj/Ice       4%         3d5       97%         3
 Mephitic Cloud           Conj/Alch/Air  4%         N/A       97%         3
 Ozocubu's Armour         Ice            4%         N/A       97%         3
 Summon Ice Beast         Ice/Summ       4%         N/A       97%         3
 Vampiric Draining        Necr           4%         2d6       97%         3
 Animate Armour           Summ/Erth      8%         N/A       100%        4
 Animate Dead             Necr           4%         N/A       100%        4
 Dispel Undead            Necr           4%         3d7       100%        4
 Flame Wave               Conj/Fire      4%         2d5       100%        4
 Fulminant Prism          Conj/Alch      2%         3d5       100%        4
 Ignite Poison            Fire/Alch      4%         N/A       100%        4
 Leda's Liquefaction      Alch/Erth      2%         N/A       100%        4
 Martyr's Knell           Necr/Summ      4%         N/A       100%        4
 Petrify                  Alch/Erth      4%         N/A       100%        4
 Sticky Flame             Fire/Alch      4%         2d4       100%        4
 Summon Lightning Spire   Summ/Air       4%         N/A       100%        4
 Alistair's Intoxication  Alch           2%         N/A       100%        5
 Arcjolt                  Conj/Air       2%         1d12      100%        5
 Borgnjor's Vile Clutch   Necr/Erth      2%         N/A       100%        5
 Curse of Agony           Necr           4%         N/A       100%        5
 Fireball                 Conj/Fire      2%         3d4       100%        5
 Freezing Cloud           Conj/Ice/Air   2%         6-21      100%        5
 Irradiate                Conj/Alch      2%         3d12      100%        5
 Lee's Rapid Deconstruct  Erth           2%         3d4*      100%        5
 Bombard                  Conj/Erth      2%         9d1       100%        6
 Conjure Ball Lightning   Conj/Air       2%         3x3d6     100%        6
 Death Channel            Necr           2%         N/A       100%        6
 Dispersal                Tloc           9%         N/A       100%        6
 Eringya's Noxious Bog    Alch           2%         4d6       100%        6
 Plasma Beam              Fire/Air       2%         2x1d12    100%        6
 Sculpt Simulacrum        Ice/Alch       2%         N/A       100%        6
 Starburst                Conj/Fire      2%         6d3       100%        6
 Summon Cactus Giant      Summ           2%         N/A       100%        6
 Discord                  Hex            16%        N/A       100%        8
 Disjunction              Tloc           9%         N/A       100%        8
 Ignition                 Fire           2%         3d3       100%        8
 Maxwell's Capacitive Co  Air            2%         ∞         100%        8
 Chain Lightning          Conj/Air       2%         3d2       100%        9
 Dragon's Call            Summ           2%         N/A       100%        9


Dungeon Overview and Level Annotations

Branches:
Dungeon (15/15)            Temple (1/1) D:6            Lair (5/5) D:11
  Swamp (4/4) Lair:3       Spider (4/4) Lair:3        Slime (1/5) Lair:5
    Orc (2/2) D:9             Elf (3/3) Orc:2        Vaults (5/5) D:14
  Crypt (0/3) Vaults:3     Depths (4/4) D:15            Zot (0/5) Depths:4
 WizLab (visited)

Altars:
Ashenzari
Cheibriados
Dithmenos
Elyvilon
Fedhas
Gozag
Hepliaklqana
Kikubaaqudgha
Makhleb
Nemelex Xobeh
Okawaru
Qazlal
Ru
Sif Muna
Trog
Uskayaw
Vehumet
Wu Jian
Xom
Yredelemnul
Zin
The Shining One
Beogh

Shops:
D:3 (   D:8 [(?   D:9 (   D:12 !   D:13 [=(!   Orc:2 ([[[   Elf:1 !   Elf:3 !
Vaults:4 *   Depths:1 *(   Depths:3 (

Portals:
Hell: Depths:1 Depths:2 Depths:3 Depths:4
Abyss: Depths:3
Pandemonium: Depths:2 Depths:4
Ziggurat: Depths:1

Annotations:
Depths:1 Mara


Innate Abilities, Weirdness & Mutations

You have a pair of small antennae on your head.
You have sharp toenails.
You are agile. (Dex +4, Str/Int -1)
You possess an exceptional clarity of mind.
You are strong-willed. (Will+)
You have hidden genetic defects.


Message History

The purple draconian breathes dispelling energy at you.
The bolt of dispelling energy is repelled.
A laughing skull comes into view. x2
You shoot a bolt. The bolt hits the purple draconian!
The purple draconian is severely wounded.
A laughing skull comes into view.
You block the purple draconian's attack.
You block the frost giant's attack.
A tentacled starspawn comes into view.
You block the frost giant's attack.
A laughing skull comes into view.
You shoot a bolt. The bolt hits the purple draconian!!
The purple draconian is almost dead.
You block the titan's attack.
The frost giant hits you with a +1 battleaxe of freezing!!
* * * LOW HITPOINT WARNING * * *
The frost giant freezes you.
* * * LOW HITPOINT WARNING * * *
You feel yourself slow down.
The purple draconian breathes dispelling energy at you.
The bolt of dispelling energy is repelled.
Okay, then.
Okay, then.
Blink to where?
Press: ? - help, Dir - move target, p - purple draconian
Okay, then.
Press: ? - help, v - describe, . - travel
Here: a tentacled starspawn The floor.
Press: ? - help, v - describe, . - travel A gateway leading deeper into the Abyss.
Press: ? - help, v - describe, . - travel
Here: a tentacled starspawn The floor.
Blink to where?
Press: ? - help, Dir - move target, p - purple draconian
As you read the scroll of blinking, it crumbles to dust.
The titan casts a spell at you. The bolt of lightning hits you! You resist.
You die...

...... .#...# #.....
#...#.# .#.....#...#..
............# .
.........#...
..##......#....
..............#
#...#...X@....#
.......#.....>......#..#
...... .........#..#.#
....z..##....... .## ..
.......#..z..#.. .# .
....z.z...C..### ..
......#...C.## ..
......{##Cd..# ###
.###.......☼##


You could see a titan, 2 frost giants, a purple draconian (catching breath), a
tentacled starspawn and a laughing skull.

Vanquished Creatures
  4 ancient liches
  2 juggernauts (Depths:2)
  Parghit (Depths:4)
  A Head Instructor (WizLab)
  Bai Suzhen (Spider:3)
  Arachne (Spider:2)
  5 golden dragons
  3 bone dragons (Abyss:1)
  A Hell Sentinel (Abyss:1)
  A hellephant (Abyss:1)
  Jorgrun (Swamp:1)
  6 tentacled monstrosities
  7 liches
  2 walking frostbound tomes
  4 quicksilver dragons
  Mlioglotl (Arena)
  2 deep elf blademasters (Elf:3)
  2 deep elf master archers (Elf:3)
  6 titans
  An acid blob (Slime:1)
  10 tentacled starspawn
  6 sphinxes
  Gastronok (D:9)
  4 shadow dragons
  Kirke (Lair:3)
  A thorn hunter (Swamp:1)
  6 tengu reavers
  Agnes (Elf:2)
  Donald (Elf:3)
  2 draconian knights (WizLab)
  4 daevas
  2 storm dragons
  A fenstrider witch (Swamp:3)
  13 vault wardens
  5 emperor scorpions
  14 fire giants
  The ghost of Zadaah the Zephyrmancer, an adept SpAE of Vehumet (Swamp:1)
  5 deep elf elementalists (Elf:3)
  8 deep elf sorcerers
  9 frost giants
  An iron dragon (Vaults:5)
  A balrug (Depths:1)
  2 draconian scorchers
  3 orc warlords
  A reaper (Depths:2)
  A ghoul (Swamp:2)
  6 ghost moths
  2 angels
  14 ironbound preservers
  The ghost of Wyaw the Reanimator, a journeyman AtNe of Okawaru (D:14)
  28 very ugly things
  A draconian annihilator (Depths:4)
  16 stone giants
  2 ironbound thunderhulks
  6 deep elf demonologists
  4 eleionomae
  An ophan (Abyss:1)
  A green draconian (Depths:4)
  2 vampire knights
  2 purple draconians (Depths:4)
  4 dire elephants (Vaults:4)
  7 deep elf death magi
  14 deep elf annihilators
  2 white draconians (Depths:4)
  4 bunyips
  2 war gargoyles
  A red draconian (Depths:4)
  The ghost of Zagger the Carver, a journeyman CoFi of Hepliaklqana (Lair:2)
  A green death (Abyss:1)
  9 spark wasps
  3 blizzard demons (Abyss:1)
  10 ettins
  9 deep elf high priests
  5 entropy weavers
  12 yaktaur captains
  3 shambling mangroves (Swamp:4)
  8 fire dragons
  A great orb of eyes (Vaults:4)
  10 ice dragons
  Fannar (D:12)
  2 peacekeepers
  6 spriggan air magi
  14 centaur warriors
  2 ghost crabs
  7 rakshasas
  42 vault guards
  2 hell beasts (Depths:4)
  5 ogre magi
  23 hydras
  3 spriggan skeletons
  A jorogumo (Spider:2)
  A death knight (D:15)
  7 alligators
  6 death yaks (Lair:1)
  9 ironbound frosthearts
  A boulder beetle (D:12)
  9 two-headed ogres
  28 dancing weapons
  3 tengu warriors
  10 deep troll earth magi
  2 death scarabs
  A titan zombie (Abyss:1)
  3 demonic crawlers
  6 thrashing horrors
  2 vampire magi
  3 occultists
  6 orc high priests (Orc:2)
  5 spriggan berserkers
  7 deep troll shamans
  A shock serpent (shapeshifter) (Vaults:5)
  3 sun demons
  Sonja (D:12)
  14 deep elf knights
  3 hell knights
  2 skysharks (Lair:5)
  10 wretched stars
  A fire crab (Lair:5)
  A skyshark (shapeshifter) (Vaults:5)
  4 pharaoh ants
  3 sixfirhies
  8 iron trolls
  3 flayed ghosts
  5 skeletal warriors (D:15)
  A sea snake (shapeshifter) (Vaults:5)
  52 deep trolls
  A deep troll (shapeshifter) (Vaults:5)
  9 deep elf archers
  4 glowing orange brains
  7 goliath frogs
  An anaconda zombie (Abyss:1)
  6 bog bodies
  A shadow demon (Depths:2)
  7 mana vipers (WizLab)
  11 swamp dragons
  6 phantasmal warriors
  A mana viper (shapeshifter) (Depths:2)
  4 arcanists
  A naga ritualist (Depths:1)
  8 harpies
  12 orb spiders
  9 orc knights
  A spriggan simulacrum (Abyss:1)
  A necromancer (Abyss:1)
  A harpy (shapeshifter) (D:13)
  11 ironbound convokers
  2 steelbarb worms
  24 deep elf pyromancers
  20 wolf spiders
  4 will-o-the-wisps
  7 lindwurms
  19 deep elf zephyrmancers
  2 shining eyes (Abyss:1)
  2 manticores
  12 orc sorcerers
  A lindwurm (shapeshifter) (Depths:4)
  47 ugly things
  4 moths of wrath
  5 cyclopes
  A salamander (Depths:2)
  3 worldbinders (Abyss:1)
  20 large abominations
  3 meliai
  3 naga magi
  A rust devil (Abyss:1)
  7 vault sentinels
  A torpor snail (shapeshifter) (Depths:1)
  2 kobold blastminers (Orc:2)
  8 black mambas
  4 elephants (Lair:5)
  An apocalypse crab (Abyss:1)
  An eye of devastation (shapeshifter) (Vaults:5)
  9 smoke demons
  7 orange demons
  Joseph (D:9)
  13 cane toads
  An eye of devastation (Abyss:1)
  2 gargoyles
  A cane toad (shapeshifter) (Elf:1)
  4 rime drakes
  Jeremiah (D:6)
  An unseen horror (shapeshifter) (D:13)
  7 kobold demonologists
  2 torpor snails
  11 komodo dragons
  3 unseen horrors
  A tormentor (Abyss:1)
  6 tengu conjurers
  3 efreet
  3 freezing wraiths
  8 ancient zymes
  11 yaktaurs
  7 polar bears
  3 hellwings (Abyss:1)
  2 harpy zombies (Abyss:1)
  A troll (shapeshifter) (D:15)
  A merfolk (shapeshifter) (Elf:3)
  10 trolls
  13 tyrant leeches
  15 hornets
  7 dream sheep (Lair:5)
  15 tarantellas
  A glass eye (Depths:2)
  Prince Ribbit (Lair:1)
  20 blink frogs
  10 raiju (Abyss:1)
  18 spriggans
  Sigmund (D:5)
  17 jumping spiders
  38 slime creatures
  An ettin skeleton (Abyss:1)
  4 shadows
  2 air elementals
  6 wraiths
  66 yaks
  13 culicivoras
  5 wyverns
  A fire elemental (Elf:1)
  2 hogs (Lair:3)
  3 water elementals
  6 ynoxinuls (Abyss:1)
  4 humans (Lair:3)
  4 fire bats
  Grum (D:8)
  7 basilisks
  45 starcursed masses
  6 golden eyes (Abyss:1)
  A steam dragon (D:7)
  6 neqoxecs (Abyss:1)
  A warg (D:9)
  26 redbacks
  17 vampire mosquitoes
  6 chaos spawn (Abyss:1)
  A harpy simulacrum (Abyss:1)
  16 swamp worms
  3 spatial vortices (Abyss:2)
  3 acid dragons
  24 water moccasins
  2 hell hounds (Abyss:1)
  37 orc warriors
  An ice beast (D:6)
  4 sky beasts
  12 swamp drakes
  5 boggarts
  10 black bears
  17 small abominations (Abyss:1)
  12 laughing skulls
  12 ogres
  22 wolves
  3 centaurs
  2 phantoms
  5 kobold brigands
  2 weeping skulls (Abyss:1)
  2 brain worms (shapeshifter)
  4 brain worms (Abyss:1)
  An earth elemental (Elf:2)
  12 bullfrogs
  A naga simulacrum (Abyss:1)
  4 scorpions (D:4)
  4 wights (D:7)
  7 killer bees
  A howler monkey (D:12)
  2 crimson imps (Abyss:1)
  2 bombardier beetles (D:6)
  6 quasits (Abyss:1)
  A gnoll bouda (D:6)
  2 hounds
  4 jellies (Lair:5)
  4 iron imps (Abyss:1)
  24 orc priests
  Natasha (thrice) (D:3)
  4 iguanas
  18 orc wizards
  4 hell rats (Lair:5)
  Robin (D:3)
  10 adders
  4 gnolls (D:6)
  A shadow imp (D:5)
  6 white imps
  12 ufetubi
  2 dart slugs
  2 ribbon worms
  74 orcs
  3 ball pythons
  8 endoplasms
  5 giant cockroaches
  7 hobgoblins
  7 jackals
  15 kobolds
  2 quokkas
  8 bats
  7 frilled lizards
  14 goblins
  5 rats
  5 starspawn tentacles
1992 creatures vanquished.

Vanquished Creatures (others)
  Asterion (Elf:3)
  A great orb of eyes (Vaults:5)
  A hydra (Swamp:4)
  A deep elf pyromancer (Elf:1)
  A centaur skeleton (Abyss:1)
  2 yaktaurs (Vaults:5)
  A bloated husk (Swamp:1)
  An orc (Orc:1)
  13 foxfires
  15 starspawn tentacles
37 creatures vanquished.

Grand Total: 2029 creatures vanquished

Notes
Turn   | Place    | Note
-------+----------+-------------------------------------------
     0 | D:1      | Daphne the Deep Elf Hunter began the quest for the Orb.
     0 | D:1      | Reached XP level 1. HP: 12/12 MP: 3/3
   149 | D:1      | Reached XP level 2. HP: 16/16 MP: 4/4
   306 | D:1      | Reached XP level 3. HP: 20/20 MP: 5/5
   907 | D:2      | Reached XP level 4. HP: 25/25 MP: 6/6
  1248 | D:3      | Noticed Robin
  1255 | D:3      | Killed Robin
  1466 | D:3      | Reached XP level 5. HP: 29/29 MP: 7/7
  1742 | D:3      | Noticed Natasha
  1747 | D:3      | Killed Natasha
  1852 | D:3      | Found Gynlynin's Weapon Emporium.
  1889 | D:3      | Noticed Natasha
  1892 | D:3      | Killed Natasha
  2259 | D:3      | Noticed Natasha
  2264 | D:3      | Killed Natasha
  2316 | D:4      | Reached XP level 6. HP: 23/34 MP: 8/8
  2425 | D:4      | Reached skill level 10 in Ranged Weapons
  2617 | D:4      | Reached XP level 7. HP: 28/38 MP: 9/9
  2758 | D:4      | Found a shadowy altar of Dithmenos.
  3182 | D:5      | Entered Level 5 of the Dungeon
  3202 | D:5      | Noticed Sigmund
  3250 | D:5      | Noticed a yak
  3367 | D:4      | Upgraded the game from 0.32-a0-361-g289a535 to
                  | 0.32-a0-391-gce5c0aa
  3431 | D:5      | Reached XP level 8. HP: 27/43 MP: 10/10
  3662 | D:5      | Reached skill level 3 in Dodging
  3856 | D:5      | Reached skill level 4 in Dodging
  4092 | D:5      | Reached skill level 5 in Dodging
  4319 | D:6      | Reached XP level 9. HP: 51/52 MP: 11/11
  4496 | D:3      | Bought a +1 heavy shortbow for 173 gold pieces
  4719 | D:5      | Killed Sigmund
  4720 | D:5      | Reached skill level 6 in Dodging
  4811 | D:6      | Found a staircase to the Ecumenical Temple.
  4826 | Temple   | Entered the Ecumenical Temple
  4850 | Temple   | Became a worshipper of Warmaster Okawaru
  5033 | D:6      | Noticed Jeremiah
  5182 | D:7      | Reached skill level 7 in Dodging
  5205 | D:7      | Reached skill level 5 in Fighting
  5254 | D:7      | Reached * piety under Okawaru
  5255 | D:7      | Reached skill level 15 in Ranged Weapons
  5515 | D:6      | Reached skill level 8 in Dodging
  5515 | D:6      | Reached XP level 10. HP: 59/59 MP: 12/12
  5537 | D:5      | Reached ** piety under Okawaru
  5604 | D:6      | Killed Jeremiah
  6172 | D:8      | Noticed Grum
  6172 | D:8      | Found Irox Jai's Antique Weapon Shop.
  6219 | D:8      | Noticed a two-headed ogre
  6283 | D:8      | Killed Grum
  6284 | D:8      | Reached skill level 1 in Invocations
  6473 | D:8      | Reached *** piety under Okawaru
  6478 | D:8      | Reached skill level 9 in Dodging
  6503 | D:8      | Killed a two-headed ogre
  6712 | D:8      | Noticed a tengu warrior
  6727 | D:8      | Killed a tengu warrior
  6839 | D:8      | Found Tach's Antique Armour Boutique.
  6879 | D:8      | Noticed a centaur warrior
  6896 | D:8      | Found Keffuaw's Magic Scroll Shoppe.
  6978 | D:9      | Found Nikh's Antique Weapon Boutique.
  7113 | D:9      | Noticed Joseph
  7125 | D:9      | Killed Joseph
  7125 | D:9      | Reached **** piety under Okawaru
  7189 | D:9      | Noticed Gastronok
  7309 | D:9      | Killed Gastronok
  7309 | D:9      | Reached ***** piety under Okawaru
  7310 | D:9      | Reached skill level 10 in Dodging
  7310 | D:9      | Reached XP level 11. HP: 45/67 MP: 14/16
  7722 | D:9      | Found a staircase to the Orcish Mines.
  8033 | D:9      | Noticed a two-headed ogre
  8042 | D:9      | Killed a two-headed ogre
  8282 | Orc:1    | Entered Level 1 of the Orcish Mines
  8474 | D:8      | Killed a centaur warrior
  8475 | D:8      | Reached skill level 5 in Invocations
  8546 | D:8      | Noticed a centaur warrior
  8549 | D:8      | Killed a centaur warrior
  8975 | Orc:1    | Noticed an orc sorcerer
  8979 | Orc:1    | Killed an orc sorcerer
  8981 | Orc:1    | Noticed an orc sorcerer
  8995 | D:9      | Reached skill level 11 in Dodging
  9022 | D:10     | Entered Level 10 of the Dungeon
  9408 | D:10     | Received a gift from Okawaru
  9632 | D:10     | Upgraded the game from 0.32-a0-391-gce5c0aa to
                  | 0.32-a0-397-gf177465
  9678 | D:10     | Noticed a two-headed ogre
  9948 | D:8      | Bought a scorched orcbow for 255 gold pieces
  9948 | D:8      | Identified the +10 orcbow of Kiagar {heavy, rF++ Will+}
                  | (You bought it in a shop on level 8 of the Dungeon)
 10080 | D:10     | Identified the amulet of Xixkitij {Reflect *Slow rPois
                  | Int-4 Dex+6 SH+5}
 10090 | D:10     | Upgraded the game from 0.32-a0-397-gf177465 to
                  | 0.32-a0-407-g4da7c8d
 10129 | D:10     | Killed a two-headed ogre
 10209 | Orc:1    | Noticed a two-headed ogre
 10335 | D:11     | Reached XP level 12. HP: 64/73 MP: 19/19
 10499 | D:12     | Found Ekkizat's Distillery.
 10560 | D:11     | Found a transporter.
 10721 | D:11     | Found a staircase to the Lair.
 10867 | D:11     | Found a transporter.
 10984 | D:12     | Noticed a boulder beetle
 10988 | D:12     | Noticed Sonja
 10990 | D:12     | Killed Sonja
 10990 | D:12     | Received a gift from Okawaru
 10996 | D:12     | Reached ****** piety under Okawaru
 11003 | D:12     | Killed a boulder beetle
 11004 | D:12     | Reached skill level 12 in Dodging
 11098 | D:12     | Noticed Fannar
 11103 | D:12     | Killed Fannar
 11706 | Lair:1   | Entered Level 1 of the Lair of Beasts
 11709 | Lair:1   | Received a gift from Okawaru
 11723 | Lair:1   | Noticed Prince Ribbit
 11724 | Lair:1   | Killed Prince Ribbit
 11816 | Lair:1   | Noticed a death yak
 11851 | Lair:1   | Noticed a death yak
 11851 | Lair:1   | Noticed a death yak
 12289 | Lair:1   | Noticed a death yak
 12298 | Lair:1   | Killed a death yak
 12298 | Lair:1   | Received a gift from Okawaru
 12298 | Lair:1   | Noticed a death yak
 12299 | Lair:1   | Reached skill level 13 in Dodging
 12299 | Lair:1   | Reached XP level 13. HP: 80/80 MP: 21/21
 12578 | Lair:2   | Found a runed translucent door.
 12578 | Lair:2   | Noticed Zagger's ghost (journeyman CoFi)
 12619 | Lair:2   | Received a gift from Okawaru
 12827 | Lair:2   | Acquired the +4 skin of Zhor {*Englaciate rC+++ SInv}
 12827 | Lair:2   | Received a gift from Okawaru
 12827 | Lair:2   | Found the +4 skin of Zhor {*Englaciate rC+++ SInv}
 12862 | Lair:2   | Acquired the +7 hand cannon "Ultimatum" {speed, rC+ Will+}
 12862 | Lair:2   | Received a gift from Okawaru
 13451 | Lair:2   | Killed Zagger's ghost
 13565 | Lair:3   | Reached skill level 10 in Invocations
 13643 | Lair:3   | Found a hole to the Spider Nest.
 13653 | Lair:3   | Reached skill level 10 in Fighting
 13675 | Lair:3   | Received a gift from Okawaru
 13692 | Lair:3   | Reached skill level 14 in Dodging
 13909 | Lair:3   | Noticed Kirke
 13932 | Lair:3   | Killed Kirke
 14003 | Lair:3   | Received a gift from Okawaru
 14005 | Lair:3   | Found a staircase to the Swamp.
 14137 | Lair:3   | Found a broken altar of Ashenzari.
 14362 | Lair:4   | Identified the +3 ring mail of Reseg {Will+++ Str-4 Int+2}
 14376 | Lair:4   | Reached XP level 14. HP: 88/88 MP: 24/24
 14673 | Lair:4   | Received a gift from Okawaru
 14916 | Lair:5   | Entered Level 5 of the Lair of Beasts
 14980 | Lair:5   | Reached skill level 15 in Dodging
 15006 | Lair:5   | Identified the +1 robe of Parts Unknown {rPois Str+2 Dex+5}
 15104 | Lair:5   | Found a staircase to the Slime Pits.
 15284 | Lair:5   | Received a gift from Okawaru
 15460 | Lair:5   | Got an earthy gem with 109 turns to spare
 15478 | Lair:5   | Reached skill level 16 in Dodging
 15479 | Lair:5   | Upgraded the game from 0.32-a0-407-g4da7c8d to
                  | 0.32-a0-411-g744942f
 15640 | Lair:5   | Reached skill level 1 in Shields
 16037 | Lair:5   | Received a gift from Okawaru
 16434 | D:8      | Bought a brightly glowing scarf for 230 gold pieces
 16434 | D:8      | Identified the scarf of the Muttering Gods {repulsion,
                  | rElec Will+ Str+4} (You bought it in a shop on level 8 of
                  | the Dungeon)
 16566 | D:8      | Bought a scroll of identify for 24 gold pieces
 16566 | D:8      | Bought a scroll of identify for 24 gold pieces
 16566 | D:8      | Bought a scroll of identify for 24 gold pieces
 16568 | D:8      | Identified 2 scrolls of acquirement
 16569 | D:8      | Acquired the orb of Grace {*Rage, Dex+3 Slay+2 Tloc}
 16888 | Orc:1    | Noticed an orc warlord
 16925 | Orc:1    | Noticed an orc warlord
 17518 | D:9      | Killed an orc warlord
 17765 | Spider:1 | Entered Level 1 of the Spider Nest
 17920 | Spider:1 | Reached XP level 15. HP: 96/96 MP: 25/25
 17925 | Spider:1 | Received a gift from Okawaru
 18248 | Spider:2 | Reached skill level 5 in Shields
 18267 | Spider:4 | Entered Level 4 of the Spider Nest
 18267 | Spider:4 | Noticed Bai Suzhen
 18288 | Spider:3 | Reached skill level 17 in Dodging
 18289 | Spider:3 | Received a gift from Okawaru
 18495 | Spider:3 | Noticed an emperor scorpion
 18503 | Spider:3 | Killed an emperor scorpion
 18539 | Spider:3 | Noticed an emperor scorpion
 18568 | Spider:3 | Killed an emperor scorpion
 18641 | Spider:3 | Received a gift from Okawaru
 18927 | Spider:3 | Killed Bai Suzhen
 19056 | Spider:4 | Received a gift from Okawaru
 19059 | Spider:4 | Noticed an emperor scorpion
 19071 | Spider:4 | Killed an emperor scorpion
 19191 | Spider:4 | Noticed an emperor scorpion
 19208 | Spider:4 | Killed an emperor scorpion
 19259 | Spider:4 | Reached XP level 16. HP: 104/104 MP: 26/26
 19263 | Spider:4 | Received a gift from Okawaru
 19290 | Spider:4 | Reached skill level 18 in Dodging
 19517 | Spider:4 | Got a milky-white gem with 756 turns to spare
 19526 | Spider:4 | Got a gossamer rune of Zot
 20338 | Spider:2 | Noticed Arachne
 20383 | Spider:2 | Killed Arachne
 21050 | Orc:1    | Received a gift from Okawaru
 21281 | Orc:1    | Identified the ring "Iluusofall" {rC+ Will+ MP+9 Str-5
                  | Int+4}
 21474 | Orc:2    | Entered Level 2 of the Orcish Mines
 21547 | Orc:2    | Found a staircase to the Elven Halls.
 21572 | Orc:2    | Found a radiant altar of Vehumet.
 21806 | Orc:2    | Reached skill level 19 in Dodging
 21906 | Orc:2    | Received a gift from Okawaru
 21959 | Orc:2    | Found Tioroth's Armour Shop.
 21959 | Orc:2    | Found Biuczeta's Antique Weapon Shop.
 21960 | Orc:2    | Found Oclitit's Antique Armour Shop.
 21960 | Orc:2    | Found Buclo's Antique Armour Boutique.
 21974 | Orc:2    | Bought a pair of embroidered boots for 172 gold pieces
 21980 | Orc:2    | Bought the +2 hood of the Assassin {Detect Stab+ Stlth++}
                  | for 840 gold pieces
 21980 | Orc:2    | Found the +2 hood of the Assassin {Detect Stab+ Stlth++}
 22128 | Orc:2    | Found a roughly hewn altar of Beogh.
 22593 | D:12     | Bought a potion of heal wounds for 70 gold pieces
 22593 | D:12     | Bought a potion of curing for 42 gold pieces
 22593 | D:12     | Bought a potion of heal wounds for 70 gold pieces
 22593 | D:12     | Bought a potion of heal wounds for 70 gold pieces
 22712 | D:8      | Bought a scroll of fog for 48 gold pieces
 22712 | D:8      | Bought a scroll of fear for 48 gold pieces
 22712 | D:8      | Bought a scroll of immolation for 48 gold pieces
 22930 | Swamp:1  | Entered Level 1 of the Swamp
 22932 | Swamp:1  | Found a transporter.
 22938 | Swamp:1  | Noticed a tentacled monstrosity
 22938 | Swamp:1  | Noticed Zadaah's ghost (adept SpAE)
 22938 | Swamp:1  | Found a transporter.
 22944 | Swamp:1  | Noticed a thorn hunter
 23682 | D:11     | Reached skill level 1 in Armour
 23719 | D:11     | Identified the +0 leather armour "Itruf" {*Corrode Will+++
                  | Regen+ Str-5}
 23813 | D:13     | Received a gift from Okawaru
 23916 | D:13     | Found Zoiqozet's Distillery.
 24049 | D:13     | Noticed a sphinx
 24054 | D:13     | Killed a sphinx
 24273 | D:13     | Found Iqibeir's Weapon Shoppe.
 24275 | D:13     | Found Ysuajua's Jewellery Shop.
 24379 | D:13     | Found Sianwi's Antique Armour Shop.
 24416 | D:13     | Reached XP level 17. HP: 112/112 MP: 27/27
 24547 | D:14     | Received a gift from Okawaru
 24598 | D:14     | Found a portal to a secret trove of treasure.
 24735 | D:14     | Found a runed translucent door.
 24736 | D:14     | Found a shimmering altar of Xom.
 24736 | D:14     | Noticed Wyaw's ghost (journeyman AtNe)
 24745 | D:14     | Reached skill level 20 in Dodging
 24760 | D:14     | Killed Wyaw's ghost
 24813 | D:14     | Found a gate to the Vaults.
 24984 | D:15     | Entered Level 15 of the Dungeon
 25172 | D:15     | Upgraded the game from 0.32-a0-411-g744942f to
                  | 0.32-a0-418-g34023cf
 25486 | D:15     | Received a gift from Okawaru
 25647 | D:15     | Reached skill level 5 in Armour
 25650 | D:15     | Reached skill level 15 in Fighting
 25760 | D:15     | Found a staircase to the Depths.
 26410 | Swamp:1  | Received a gift from Okawaru
 26452 | Swamp:1  | Noticed Jorgrun
 26459 | Swamp:1  | Noticed Mlioglotl
 26464 | Swamp:1  | Killed Jorgrun
 26470 | Arena    | Entered the Arena
 26476 | Arena    | Killed Mlioglotl
 26866 | Swamp:4  | Entered Level 4 of the Swamp
 27033 | Swamp:4  | Received a gift from Okawaru
 27066 | Swamp:4  | Reached skill level 21 in Dodging
 27564 | Swamp:4  | Reached XP level 18. HP: 99/120 MP: 28/28
 27654 | Swamp:4  | Got a mossy gem with 509 turns to spare
 27657 | Swamp:4  | Got a decaying rune of Zot
 27658 | Swamp:4  | Upgraded the game from 0.32-a0-418-g34023cf to
                  | 0.32-a0-422-g28b100f
 27715 | Swamp:4  | Identified the +5 ring mail of the Cartwright {rPois rN++
                  | Int-5 Stlth+}
 28418 | Swamp:3  | Received a gift from Okawaru
 29583 | Arena    | Entered the Arena
 29592 | Arena    | Killed a tentacled monstrosity
 29612 | Swamp:1  | Killed Zadaah's ghost
 29950 | Slime:1  | Entered Level 1 of the Pits of Slime
 30237 | Elf:1    | Entered Level 1 of the Elven Halls
 30248 | Elf:1    | Received a gift from Okawaru
 30355 | Elf:1    | Found Qununeut's Distillery.
 30500 | Elf:2    | Reached skill level 22 in Dodging
 30664 | Elf:2    | Received a gift from Okawaru
 30828 | Elf:2    | Found a runed translucent gate.
 30829 | Elf:2    | Found a runed translucent gate.
 30829 | Elf:2    | Found a runed translucent gate.
 30851 | Elf:2    | Noticed Agnes
 30855 | Elf:2    | Killed Agnes
 30994 | Elf:2    | Received a gift from Okawaru
 31151 | Elf:3    | Entered Level 3 of the Elven Halls
 31160 | Elf:3    | Reached XP level 19. HP: 127/127 MP: 29/29
 31176 | Elf:3    | Noticed Asterion
 31200 | Elf:3    | Killed Asterion
 31210 | Elf:3    | Killed the ghostly Asterion
 31495 | Elf:3    | Received a gift from Okawaru
 31608 | Elf:3    | Identified the amulet of Dissent {Faith rPois Regen+ Str-5
                  | Dex+3}
 31673 | Elf:3    | Noticed Donald
 31674 | Elf:3    | Reached skill level 23 in Dodging
 31689 | Elf:3    | Killed Donald
 31716 | Elf:3    | Got a shimmering gem with 494 turns to spare
 31730 | Elf:3    | Identified the +0 pair of gloves "Ompytues" {+Inv rPois rF-
                  | Str+6}
 31732 | Elf:3    | Identified the +0 rapier "Opiorei" {protect, rN++ rCorr
                  | Int+3 Dex-3}
 31842 | Elf:3    | Got Xuemm's Atlas of Decalescent Fulmination
 32043 | Elf:3    | Found Emion's Distillery.
 32047 | Elf:3    | Bought 2 potions of heal wounds for 120 gold pieces
 32094 | Elf:3    | Reached skill level 10 in Armour
 32308 | Elf:3    | Received a gift from Okawaru
 33179 | Elf:1    | Identified the +3 scale mail "Plog" {+Inv Str+3 Int+6}
 33527 | Elf:1    | Bought a potion of invisibility for 112 gold pieces
 33527 | Elf:1    | Bought a potion of heal wounds for 70 gold pieces
 33798 | Vaults:1 | Entered Level 1 of the Vaults
 35319 | Vaults:1 | Received a gift from Okawaru
 35503 | Vaults:1 | Found a runed translucent gate.
 35503 | Vaults:1 | Found a runed translucent gate.
 35504 | Vaults:1 | Found a runed translucent gate.
 35854 | Vaults:3 | Reached skill level 10 in Shields
 35868 | Vaults:3 | Reached XP level 20. HP: 134/134 MP: 30/30
 35943 | Vaults:3 | Received a gift from Okawaru
 35969 | Vaults:3 | Found a magical portal.
 35997 | WizLab   | Entered Yara's Duelist Academy
 36347 | WizLab   | Noticed Patul
 36375 | WizLab   | Killed Patul the Head Instructor
 36580 | WizLab   | Got Yara's Incunable of the Maleficium
 36941 | Vaults:3 | Received a gift from Okawaru
 36955 | Vaults:3 | Found a staircase to the Crypt.
 37088 | Vaults:5 | Entered Level 5 of the Vaults
 37629 | Vaults:4 | Found Zaadozer's Assorted Antiques.
 37707 | Vaults:4 | Received a gift from Okawaru
 37899 | Vaults:4 | Reached skill level 24 in Dodging
 38150 | Vaults:5 | Noticed a golden dragon
 38671 | Vaults:4 | Killed a golden dragon
 38911 | Vaults:5 | Reached XP level 21. HP: 81/140 MP: 31/31
 39538 | Vaults:5 | Noticed an ancient lich
 39558 | Vaults:5 | Killed an ancient lich
 39624 | Vaults:5 | Received a gift from Okawaru
 39642 | Vaults:5 | Got a shining gem with 191 turns to spare
 39654 | Vaults:5 | Got a silver rune of Zot
 40290 | Vaults:5 | Identified the +8 trident of Linearity {freeze, Dex+4}
 40290 | Vaults:5 | Identified the ring "Fisaohao" {Str+6 Int+3 Dex+3}
 40327 | Vaults:5 | Upgraded the game from 0.32-a0-422-g28b100f to
                  | 0.32-a0-433-g08bcfe7
 40389 | Vaults:5 | Gained mutation: You occasionally shout uncontrollably at
                  | your foes. [mutagenic glow]
 40403 | Vaults:5 | Noticed an ancient lich
 40417 | Vaults:5 | Gained mutation: Your body sometimes deteriorates upon
                  | taking damage. [mutagenic glow]
 40707 | Vaults:5 | Noticed a golden dragon
 40714 | Vaults:5 | Killed a golden dragon
 40968 | Vaults:5 | Killed an ancient lich
 40981 | Vaults:5 | Received a gift from Okawaru
 41067 | Vaults:5 | Noticed an ancient lich
 41072 | Vaults:5 | Killed an ancient lich
 41085 | Vaults:5 | Reached XP level 22. HP: 146/148 MP: 32/32
 41239 | Vaults:5 | Reached skill level 25 in Dodging
 41726 | Vaults:5 | Got the Anthology of the Barrage
 41735 | Vaults:5 | Got Sif Muna's Discursus on the Deep Freeze and Open Graves
 42313 | D:14     | You paid a toll of +2 gold dragon scales to enter a
                  | treasure trove
 42314 | Trove    | Entered a treasure trove
 42347 | Trove    | Identified the +2 pair of gloves "Vaomyl" {rElec Regen+
                  | Int-3 Dex-4}
 42353 | Trove    | Identified the amulet of Music {-Tele rElec rC+++ Regen+
                  | Stlth-}
 42355 | Trove    | Identified the +1 plate armour of Lehip {-Tele Str+3
                  | Slay+3}
 42362 | Trove    | Identified the ring of Izucoc {Fly rF+ Will+ Int+3}
 42666 | Vaults:1 | Reached skill level 1 in Hexes
 42668 | Vaults:1 | Reached skill level 1 in Translocations
 42676 | Vaults:1 | Reached skill level 1 in Spellcasting
 43455 | Vaults:1 | Found a glowing golden altar of the Shining One.
 43650 | Depths:1 | Entered Level 1 of the Depths
 43675 | Depths:1 | Found a one-way gateway to a ziggurat.
 43699 | D:15     | Upgraded the game from 0.32-a0-433-g08bcfe7 to
                  | 0.32-a0-472-gc2b5402
 43764 | D:15     | Lost mutation: You occasionally shout uncontrollably at
                  | your foes. [potion of mutation]
 43764 | D:15     | Lost mutation: Your body sometimes deteriorates upon taking
                  | damage. [potion of mutation]
 43764 | D:15     | Gained mutation: You have sharp toenails. [potion of
                  | mutation]
 43816 | D:15     | Reached skill level 5 in Hexes
 44058 | Depths:1 | Found a hazy altar of Hepliaklqana.
 44373 | Depths:1 | Reached skill level 5 in Spellcasting
 44421 | Depths:1 | Found a gateway to Hell.
 44518 | Depths:1 | Found Dapaipuh's Weapon Emporium.
 44521 | Depths:1 | Noticed Mara
 44567 | Depths:1 | Upgraded the game from 0.32-a0-472-gc2b5402 to
                  | 0.32-a0-475-g46bb8dd
 44596 | Depths:2 | Noticed a juggernaut
 44613 | Depths:2 | Killed a juggernaut
 44618 | Depths:2 | Noticed a juggernaut
 44630 | Depths:2 | Killed a juggernaut
 44668 | Depths:2 | Identified the +8 mace of Diet Blood {venom, Int+6}
 44938 | Depths:1 | Reached skill level 10 in Hexes
 45009 | Depths:2 | Found a glowing golden altar of the Shining One.
 45011 | Depths:2 | Found a white marble altar of Elyvilon.
 45013 | Depths:2 | Found a glowing silver altar of Zin.
 45043 | Depths:3 | Found Duheam's Weapon Boutique.
 45099 | Depths:3 | Found a transporter.
 45101 | Depths:3 | Found a white marble altar of Elyvilon.
 45107 | Depths:4 | Entered Level 4 of the Depths
 45121 | Depths:4 | Found a one-way gate leading to the halls of Pandemonium.
 45197 | Depths:4 | Received a gift from Okawaru
 45317 | Depths:4 | Noticed a golden dragon
 45327 | Depths:4 | Killed a golden dragon
 45338 | Depths:4 | Noticed a golden dragon
 45348 | Depths:4 | Killed a golden dragon
 45349 | Depths:4 | Reached XP level 23. HP: 137/153 MP: 32/37
 45352 | Depths:4 | Found a gate to the Realm of Zot.
 45364 | Depths:4 | Reached skill level 15 in Shields
 45374 | Depths:4 | Got a midnight gem with 1588 turns to spare
 45380 | Depths:4 | Noticed Parghit
 45399 | Depths:4 | Killed Parghit
 45573 | Depths:4 | Found a broken altar of Ashenzari.
 45598 | Depths:4 | Identified the +0 helmet "Erraoren" {Rampage Regen+ Slay+4}
 45782 | Depths:4 | Identified the +1 chain mail of Zienon {rF+ Str+3 Dex+5
                  | Stlth-}
 45821 | Depths:4 | Found a radiant altar of Vehumet.
 46566 | Depths:3 | Found a one-way gate to the infinite horrors of the Abyss.
 46729 | Depths:3 | Found a transporter.
 47240 | Depths:3 | Reached skill level 10 in Spellcasting
 48122 | Depths:1 | Found Wekah's Serpentskin Sales.
 48556 | Depths:3 | Upgraded the game from 0.32-a0-475-g46bb8dd to
                  | 0.32-a0-481-g9ce6b88
 48556 | Depths:3 | Upgraded the game from 0.32-a0-481-g9ce6b88 to
                  | 0.32-a0-522-g3863d58
 48565 | Depths:3 | Acquired a manual of Translocations
 49179 | Depths:3 | Voluntarily entered the Abyss.
 49409 | Abyss:1  | Found a corrupted altar of Lugonu.
 49465 | Abyss:1  | Received a gift from Okawaru
 49469 | Abyss:1  | Paralysed by accursed screaming for 2 turns
 49498 | Abyss:1  | Paralysed by accursed screaming for 2 turns
 49614 | Abyss:1  | Gained mutation: You are weak. (Str -2) [a shining eye]
 49616 | Abyss:1  | Reached skill level 15 in Hexes
 49630 | Abyss:1  | Found a corrupted altar of Lugonu.
 49820 | Abyss:1  | Found a corrupted altar of Lugonu.
 49821 | Abyss:1  | Found a corrupted altar of Lugonu.
 49821 | Abyss:1  | Found a corrupted altar of Lugonu.
 49887 | Abyss:1  | Lost mutation: You are very weak. (Str -4) [potion of
                  | mutation]
 49887 | Abyss:1  | Lost mutation: You have sharp toenails. [potion of
                  | mutation]
 49887 | Abyss:1  | Gained mutation: You are frail. (-10% HP) [potion of
                  | mutation]
 49887 | Abyss:1  | Gained mutation: You expend magic power (3 MP) to
                  | strengthen your wands. [potion of mutation]
 49887 | Abyss:1  | Gained mutation: Your skin changes colour to match your
                  | surroundings (Stealth+). [potion of mutation]
 49887 | Abyss:1  | Gained mutation: You are strong-willed. (Will+) [potion of
                  | mutation]
 49888 | Abyss:1  | Lost mutation: You are frail. (-10% HP) [potion of
                  | mutation]
 49888 | Abyss:1  | Lost mutation: Your skin changes colour to match your
                  | surroundings (Stealth+). [potion of mutation]
 49888 | Abyss:1  | Gained mutation: You are robust. (+10% HP) [potion of
                  | mutation]
 49889 | Abyss:1  | Lost mutation: You are strong-willed. (Will+) [potion of
                  | mutation]
 49889 | Abyss:1  | Lost mutation: You are robust. (+10% HP) [potion of
                  | mutation]
 49889 | Abyss:1  | Gained mutation: You have large cloven feet. [potion of
                  | mutation]
 49889 | Abyss:1  | Gained mutation: You are agile. (Dex +4, Str/Int -1)
                  | [potion of mutation]
 49891 | Abyss:1  | Lost mutation: You expend magic power (3 MP) to strengthen
                  | your wands. [potion of mutation]
 49891 | Abyss:1  | Lost mutation: You are agile. (Dex +4, Str/Int -1) [potion
                  | of mutation]
 49892 | Abyss:1  | Lost mutation: You have large cloven feet. [potion of
                  | mutation]
 49892 | Abyss:1  | Gained mutation: Your mind is acute. (Int +4, Str/Dex -1)
                  | [potion of mutation]
 49893 | Abyss:1  | Lost mutation: Your mind is acute. (Int +4, Str/Dex -1)
                  | [potion of mutation]
 49893 | Abyss:1  | Gained mutation: Your body sometimes deteriorates upon
                  | taking damage. [potion of mutation]
 49893 | Abyss:1  | Lost mutation: Your body sometimes deteriorates upon taking
                  | damage. [potion of mutation]
 49893 | Abyss:1  | Gained mutation: You possess an exceptional clarity of
                  | mind. [potion of mutation]
 49893 | Abyss:1  | Gained mutation: You have a pair of small antennae on your
                  | head. [potion of mutation]
 50083 | Abyss:1  | Reached skill level 5 in Translocations
 50093 | Abyss:1  | Learned a level 4 spell: Dimensional Bullseye
 50117 | Abyss:1  | Found a corrupted altar of Lugonu.
 50335 | Abyss:1  | Found a corrupted altar of Lugonu.
 50370 | Abyss:1  | Paralysed by accursed screaming for 1 turns
 50391 | Abyss:1  | Gained mutation: You are dopey. (Int -2) [a neqoxec]
 50425 | Abyss:1  | Found a corrupted altar of Lugonu.
 50515 | Abyss:1  | Found a corrupted altar of Lugonu.
 50759 | Abyss:1  | Reached XP level 24. HP: 159/159 MP: 39/39
 50853 | Abyss:1  | Found a corrupted altar of Lugonu.
 50871 | Abyss:1  | Noticed an ancient lich
 50877 | Abyss:1  | Killed an ancient lich
 50968 | Abyss:1  | Gained mutation: Armour fits poorly on your strangely
                  | shaped body. [a shining eye]
 51039 | Abyss:1  | Found a corrupted altar of Lugonu.
 51054 | Abyss:1  | Found a corrupted altar of Lugonu.
 51107 | Abyss:1  | Found a corrupted altar of Lugonu.
 51125 | Depths:3 | Escaped the Abyss
 51133 | Depths:3 | Acquired the ring of San Qiatt {*Slow +Blink rPois Will+
                  | MP+9}
 51193 | Depths:3 | Upgraded the game from 0.32-a0-522-g3863d58 to
                  | 0.32-a0-526-g7be0c91
 51224 | Depths:2 | Upgraded the game from 0.32-a0-526-g7be0c91 to
                  | 0.32-a0-540-g866d131
 51232 | Depths:2 | Fell from the grace of Okawaru
 51232 | Depths:2 | Became a worshipper of the Shining One
 51262 | Depths:3 | Voluntarily entered the Abyss.
 51269 | Abyss:1  | Found a corrupted altar of Lugonu.
 51310 | Abyss:1  | Found a corrupted altar of Lugonu.
 51316 | Abyss:1  | Found a corrupted altar of Lugonu.
 51316 | Abyss:1  | Found a corrupted altar of Lugonu.
 51368 | Abyss:1  | Reached * piety under the Shining One
 51491 | Abyss:1  | Reached ** piety under the Shining One
 51660 | Abyss:1  | Found a corrupted altar of Lugonu.
 51680 | Abyss:1  | Reached *** piety under the Shining One
 51825 | Abyss:2  | Found a corrupted altar of Lugonu.
 51939 | Abyss:2  | Reached **** piety under the Shining One
 51998 | Abyss:2  | Found a corrupted altar of Lugonu.
 52020 | Abyss:2  | Lost mutation: Armour fits poorly on your strangely shaped
                  | body. [potion of mutation]
 52020 | Abyss:2  | Lost mutation: You are dopey. (Int -2) [potion of mutation]
 52020 | Abyss:2  | Gained mutation: You are strong-willed. (Will+) [potion of
                  | mutation]
 52020 | Abyss:2  | Gained mutation: You have sharp toenails. [potion of
                  | mutation]
 52020 | Abyss:2  | Gained mutation: You have hidden genetic defects. [potion
                  | of mutation]
 52020 | Abyss:2  | Gained mutation: You are agile. (Dex +4, Str/Int -1)
                  | [potion of mutation]
 52048 | Abyss:2  | Paralysed by accursed screaming for 1 turns
 52094 | Abyss:2  | HP: 4/160 [frost giant/+1 battleaxe of freezing[the fury of
                  | Okawaru] (34)]
 52094 | Abyss:2  | HP: 1/160 [frost giant/+1 battleaxe of freezing[the fury of
                  | Okawaru] (3)]
 52095 | Abyss:2  | Killed from afar by a titan

Illustrated notes

Levels and vault maps discovered:
D:1:      ncdulo_lavacross, layout_basic, minmay_box_of_dots
D:2:      layout_basic
D:3:      wad_river_or_something, layout_basic, serial_shops, shop_fountains,
          nicolae_hexahallways, uniq_robin, uniq_natasha
D:4:      layout_basic, kennysheep_mini_moat,
          hangedman_abyss_or_decor_lesser_grid
D:5:      layout_cave_pools, uniq_sigmund
D:6:      layout_basic, minmay_temple_entry_junction, minmay_diced_spiral,
          uniq_jeremiah
D:7:      layout_basic
D:8:      minmay_tri_box, layout_gridville, serial_shops,
          nicolae_shop_back_alley_shop, shop, nicolae_stop_n_shop_2, uniq_grum
D:9:      layout_stronghold, orc_0_dummy, serial_co_window_serial,
          co_window_corner_a, co_window_of_opportunity_a, co_window_paths_b,
          co_window_paths_a, co_window_of_opportunity_a, co_window_corner_a,
          co_window_broadway_c, co_window_broadway_c, co_window_2corner,
          co_window_corner_ca, co_window_of_opportunity_b, co_window_4corner_b,
          glass_columns_b, serial_shops, nicolae_diamond_shop, uniq_joseph,
          uniq_gastronok
D:10:     layout_basic
D:11:     gammafunk_wand_slinger, layout_cave_pools, erik_lair_dragon
D:12:     layout_rooms, serial_shops, nicolae_shop_tiny_waterfront,
          kennysheep_generic_room_4, uniq_sonja, uniq_fannar
D:13:     minmay_octo_star, layout_cave_pools, serial_shops, shop,
          nicolae_shop_behind_doors, shop, nicolae_lakefront_shop, serial_park,
          serial_park_square3 [serial_park_minivault_5x5_3], serial_park_tiny_1,
          serial_park_tiny_2
D:14:     layout_rooms, hellmonk_vaults_attempted_burglary,
          minmay_misc_feat_cross, enter_trove_1, ebering_ghost_xom
D:15:     hellmonk_depths_entry_around_the_bend, layout_irregular_city
Temple:   nicolae_temple_the_god_donut
Lair:1:   layout_regular_city, infiniplex_staircase_pool_2, grunt_megastairs_2,
          lemuel_fruit_fields, uniq_prince_ribbit2
Lair:2:   layout_roguey, hellmonk_ghost_happy_afterlife
Lair:3:   layout_concentric_octagons, minmay_swamp_entry_worms,
          spider_nest_entry_a, basic_altar, uniq_kirke
Lair:4:   layout_long_grid
Lair:5:   minmay_lair_end_enchanted_forest, layout_big_grid,
          nicolae_slime_entry_slimehenge, grunt_megastairs_3
Swamp:1:  layout_falls_marsh, gammafunk_ghost_arena,
          evilmike_swamp_ruin_rubble_1, infiniplex_staircase_pool, uniq_jorgrun,
          uniq_mlioglotl
Swamp:2:  layout_falls_marsh, evilmike_swamp_ruin_house_2, swamp_pool_5,
          nicolae_swamp_decorative_isthmus
Swamp:3:  layout_basic_swamp, nicolae_swamp_oxbows, nicolae_swamp_catching_bugs
Swamp:4:  swamp_basic_johnstein, layout_basic_swamp
Spider:1: layout_spider_delve, hangedman_spider_tarantella_strand
Spider:2: layout_spider_delve, uniq_arachne
Spider:3: layout_spider_delve, drop_trap, nicolae_spider_claw_tunnel
Spider:4: grunt_spider_rune_island, uniq_bai_suzhen
Slime:1:  layout_caves, nicolae_slime_phagocytosis
Orc:1:    layout_caves, minmay_orc_treasury
Orc:2:    st_orc_pillars, layout_diamond_mine, basic_altar, nicolae_orc_seminary
Elf:1:    minmay_elf_arrival_plus, layout_geoelf_grid, serial_shops,
          nicolae_shop_tiny_statue_garden, minmay_elf_sorcery,
          serial_sigils_hangedman_carve
Elf:2:    nicolae_elf_blades_crystal_corner, layout_loops_corners, drop_trap,
          corexii_leaking_fountain, grunt_ministairs_13,
          small_statue_intersection, uniq_agnes
Elf:3:    minmay_elf_hall_x, layout_geoelf_octagon, serial_shops, shop,
          drop_trap, uniq_asterion, uniq_donald
Vaults:1: v_misc_14, nicolae_vaults_puzzle_piece, abrahamwl_protected_by_tso_3,
          nicolae_vaults_trapezoid_lopsided_3,
          vaults_room_grunt_arrival_checkpoint, nicolae_vaults_cochlea,
          v_alt_pattern_4, nicolae_vaults_trapezoid_lopsided_4, v_misc_15,
          vaults_mumra_hex, layout_vaults_big_cross
Vaults:2: nicolae_vaults_offset_grid_hallway_1, nicolae_vaults_trapezoid_3,
          ontoclasm_vaults_bender, vaults_room_grunt_arrival_ludios,
          nicolae_vaults_tetromino_L_2, minmay_orc_keep, ontoclasm_vaults_chip,
          nicolae_vaults_little_ls, layout_vaults_omnigrid
Vaults:3: lightli_enter_wizlab_magi_temple, minmay_crypt_entry_simple_box,
          nicolae_vaults_octothorpe, vaults_dpeg_hooks, nicolae_vaults_big_ls,
          v_misc_22, st_cross, nicolae_vaults_door_testing_chamber,
          nicolae_vaults_apartment_1, layout_vaults_big_room
Vaults:4: nicolae_vaults_trapezoid_4, v_misc_19, hangedman_vaults_locks,
          st_squares, vaults_room_pools, nicolae_vaults_more_shelving_2,
          nicolae_vaults_frosty_reception, v_misc_3,
          nicolae_vaults_bisected_slash, v_rooms_4,
          nicolae_vaults_little_squares_4, layout_vaults_omnibox, serial_shops,
          shop
Vaults:5
Depths:1: layout_cave_shapes, enter_ziggurat_d, serial_rivers,
          chequers_serial_rivers_micro_b, chequers_serial_rivers_large_a,
          chequers_serial_rivers_large_b, chequers_serial_rivers_room_a,
          chequers_serial_rivers_room_a, chequers_serial_rivers_micro_e,
          basic_altar, serial_shops, shop, lightli_too_deep,
          serial_sigils_hangedman_gut, hangedman_decor_lopped,
          guppyfry_shop_venom, uniq_mara
Depths:2: minmay_isolated_rectangles_in_corner, layout_cave_pools,
          hangedman_tar_grid_catacomb, good_gods_mini_temple,
          rand_demon_pan_entry_3
Depths:3: kennysheep_oblong_rooms, layout_basic, abyss_entry, elyvilon_altar_4,
          hell_entry, hellmonk_scarab_ruin, minmay_staircase_statues,
          minmay_shop_star
Depths:4: grunt_zot_entry_tricorne, layout_twisted_cross,
          rand_demon_pan_entry_5, hell_entry, nicolae_vehumet_altar_sigil,
          ashenzari_conservatory_becter, uniq_parghit
Abyss:2:  base: D:11, minivault_11, evilmike_abyss_exit_kraken

Skill      XL: |  1  2  3  4  5  6  7  8  9 10 11 12 13 14 15 16 17 18 19 20 21 22 23 24 |
---------------+-------------------------------------------------------------------------+-----
Ranged Weapons | 6 7 8 9 11 13 14 15 16 17 18 19 | 19.6
Fighting       | 3 5 7 8 9 10 12 13 14 15 16 17 18 | 18.8
Dodging        | 5 8 10 11 13 14 16 17 19 21 22 23 24 25 | 25.6
Invocations    | 4 6 9 10 11 | 11.6
Shields        | 3 8 10 12 13 14 16 | 16.8
Armour         | 3 6 9 10 11 12 13 14 | 14.7
Hexes          | 11 15 16 | 16.2
Translocations | 4 5 7 |  7.8
Spellcasting   | 8 10 | 10.2
Stealth        | |  1.2

Action                     |  1- 3 |  4- 6 |  7- 9 | 10-12 | 13-15 | 16-18 | 19-21 | 22-24 || total
---------------------------+-------+-------+-------+-------+-------+-------+-------+-------++-------
  Melee: Dagger            |       |       |     6 |       |       |       |       |       ||     6
   Fire: Shortbow          |    60 |   170 |   308 |   342 |       |       |       |       ||   880
         Orcbow            |       |       |       |   193 |    79 |       |       |       ||   272
         Hand cannon       |       |       |       |       |   934 |  1409 |  1678 |  2218 ||  6239
  Throw: Dart              |       |       |       |       |       |     6 |    16 |       ||    22
   Cast: Dimensional Bulls |       |       |       |       |       |       |       |     5 ||     5
 Invoke: Finesse           |       |       |       |       |     2 |     3 |    24 |    15 ||    44
         Receive Weapon    |       |       |       |       |     1 |       |       |       ||     1
         Receive Armour    |       |       |       |       |     1 |       |       |       ||     1
         Heroism           |       |       |       |       |     1 |     1 |     8 |     8 ||    18
         Duel              |       |       |       |       |       |     2 |       |       ||     2
         Divine Shield     |       |       |       |       |       |       |       |     2 ||     2
         Cleansing Flame   |       |       |       |       |       |       |       |     2 ||     2
  Evoke: Wand              |       |       |     1 |     1 |     2 |     1 |       |     1 ||     6
    Use: Scroll            |       |       |     7 |    15 |    11 |     8 |    17 |    16 ||    74
         Potion            |       |       |     1 |     3 |     1 |     1 |    25 |    15 ||    46
 Armour: Leather armour    |    15 |    15 |    59 |       |       |       |       |       ||    89
         Robe              |       |       |     2 |    72 |    15 |       |       |       ||    89
         Skin              |       |       |       |     1 |       |       |     5 |       ||     6
         Animal skin       |       |       |       |       |    72 |   137 |    31 |       ||   240
         Ring mail         |       |       |       |       |       |       |   303 |   266 ||   569
  Dodge: Dodged            |    15 |    28 |   100 |   194 |   329 |   413 |   713 |   494 ||  2286
         Repelled          |       |       |       |       |       |     4 |    14 |    48 ||    66
  Block: Other             |       |       |       |    10 |    36 |       |       |       ||    46
         Buckler           |       |       |       |       |    96 |   228 |   545 |    42 ||   911
         Reflection        |       |       |       |       |     7 |    35 |    69 |    24 ||   135
         Tower shield      |       |       |       |       |       |       |       |  1429 ||  1429

Table legend: (Time is in decaauts)
 A = Elapsed time spent in this place.
 B = Non-inter-level travel time spent in this place.
 C = Inter-level travel time spent in this place.
 D = Time resting spent in this place.
 E = Time spent auto-exploring this place.
 F = Levels seen in this place.
 G = Mean time per level.
                   A        B        C        D        E       F      G
               +--------+--------+--------+--------+--------+-----+--------+
         Total |  50883 |  40651 |  10232 |   3447 |  19143 |  51 |  997.7 |
       Dungeon |  17568 |  12799 |   4769 |    942 |   6658 |  15 | 1171.2 |
        Temple |     48 |      2 |     46 |      0 |      0 |   1 |   48.0 |
          Lair |   6238 |   4393 |   1845 |    235 |   2864 |   5 | 1247.6 |
         Swamp |   3119 |   2749 |    370 |     28 |   1690 |   4 |  779.8 |
   Spider Nest |   3738 |   3021 |    717 |    295 |   1381 |   4 |  934.5 |
    Slime Pits |     13 |     13 |      0 |      0 |      0 |   1 |   13.0 |
  Orcish Mines |   1800 |   1452 |    348 |      7 |    855 |   2 |  900.0 |
   Elven Halls |   3112 |   2916 |    196 |    251 |   1512 |   3 | 1037.3 |
        Vaults |   6930 |   5915 |   1015 |   1195 |   2116 |   5 | 1386.0 |
        Depths |   4859 |   3936 |    923 |    143 |   1640 |   4 | 1214.8 |
         Abyss |   2654 |   2654 |      0 |    197 |    101 |   3 |  884.7 |
         Trove |     57 |     57 |      0 |      0 |      0 |   1 |   57.0 |
        Wizlab |    723 |    723 |      0 |    152 |    324 |   1 |  723.0 |
         Arena |     17 |     17 |      0 |      0 |      0 |   2 |    8.5 |
               +--------+--------+--------+--------+--------+-----+--------+

Top non-repeatable levels by time:
     D:9: 2628 daAuts
Vaults:5: 2411 daAuts
 Abyss:1: 2404 daAuts
Vaults:4: 1891 daAuts
    D:11: 1784 daAuts
Vaults:1: 1612 daAuts
  Lair:2: 1549 daAuts
Depths:1: 1519 daAuts
  Lair:3: 1515 daAuts
    D:15: 1488 daAuts
Depths:3: 1440 daAuts
     D:8: 1394 daAuts
  Lair:5: 1274 daAuts
Spider:3: 1261 daAuts
  Lair:1: 1258 daAuts
